[Event "Team 45 45 League T41"]
[Site "Internet Chess Club"]
[Date "2009.05.03"]
[Round "1"]
[White "sitparkcin"]
[Black "Uwak"]
[Result "1/2-1/2"]
[WhiteElo "2322"]
[BlackElo "2372"]
[Opening "King's Indian: Gligoric-Taimanov system"]
[ECO "E92"]
[Time "22:02:58"]
[TimeControl "2700+45"]

1. d4 Nf6 2. c4 g6 3. Nc3 Bg7 4. e4 d6 5. Be2 O-O 6. Nf3 e5 7. Be3 exd4 8. Nxd4
Re8 9. f3 Nc6 10. Qd2 Nxd4 11. Bxd4 Be6 12. O-O c6 13. Rfd1 Qa5 14. Rab1 Qc7 15.
Rbc1 Qe7 16. Be3 Red8 17. Bf4 Ne8 18. Qe3 Be5 19. Bg5 f6 20. Bh4 g5 21. Bg3 Bf7
22. f4 gxf4 23. Bxf4 Nc7 24. Bg3 Ne6 25. Bg4 Kh8 26. Bxe6 Bxe6 27. b3 Rg8 28.
Bf4 Rg6 29. Rd2 Rag8 30. Rf1 b6 31. Rff2 Bc8 32. Ne2 Bd7 33. Ng3 c5 34. Bxe5
dxe5 35. Ne2 Qg7 36. Nc3 Be6 37. Nd5 h5 38. a4 h4 39. a5 h3 40. g3 Bxd5 41. Rxd5
Qh6 42. Qxh6+ Rxh6 43. Rd7 Rh7 44. Rd6 bxa5 45. Rfxf6 Rb8 46. Rf5 Re7 47. Rg6
Kh7 48. Rg4 Kh6 49. Rf6+ Kh7 50. Rf5 Kh6 51. Rh4+ Kg6 52. Rg4+ Kh6 {Game drawn
by repetition} 1/2-1/2

[Event "Team 45 45 League T41"]
[Site "Internet Chess Club"]
[Date "2009.05.04"]
[Round "1"]
[White "freestyle"]
[Black "SlimeDog2"]
[Result "1-0"]
[WhiteElo "2331"]
[BlackElo "2229"]
[Opening "Petrov: modern attack, Symmetrical variation"]
[ECO "C43"]
[Time "23:16:22"]
[TimeControl "2700+45"]

1. e4 e5 2. Nf3 Nf6 3. d4 Nxe4 4. dxe5 d5 5. Nbd2 Nc6 6. Bb5 Bd7 7. Qe2 a6 8.
Bxc6 Bxc6 9. Nd4 Qd7 10. O-O Nxd2 11. Bxd2 Bb5 12. Nxb5 Qxb5 13. Qf3 Be7 14. Qg3
O-O-O 15. Qxg7 Qxb2 16. Qxf7 Bc5 17. Qf5+ Kb8 18. Bh6 Rhe8 19. e6 Qb6 20. Rae1
Rd6 21. Bf8 Rc6 22. e7 Rf6 23. Qh5 Bxf2+ 24. Kh1 Qb5 25. c4 dxc4 26. Re5 Qc6 27.
Rd5 Bh4 28. Rd8+ Ka7 29. Rxf6 Qxf6 30. Qc5+ {Black resigns} 1-0

[Event "Team 45 45 League T41"]
[Site "Internet Chess Club"]
[Date "2009.05.04"]
[Round "1"]
[White "BigTweeds"]
[Black "mcplayerus"]
[Result "1-0"]
[WhiteElo "2021"]
[BlackElo "2086"]
[Opening "Sicilian: closed"]
[ECO "B23"]
[Time "14:40:56"]
[TimeControl "2700+45"]

1. e4 c5 2. Nc3 e6 3. d3 Nc6 4. g3 g6 5. Bg2 Bg7 6. Be3 b6 7. Qd2 Bb7 8. f4 d6
9. Nf3 Nge7 10. O-O Qd7 11. d4 Na5 12. b3 O-O 13. dxc5 Qc8 14. Bd4 Bxd4+ 15.
Qxd4 Nec6 16. Qf2 dxc5 17. e5 Nd4 18. Nxd4 cxd4 19. Ne4 Bxe4 20. Bxe4 Rb8 21.
Rad1 Rd8 22. Rxd4 Qc7 23. Rfd1 Nb7 24. Bxb7 Rxd4 25. Qxd4 Qxb7 26. c4 h5 27. Kf2
h4 28. Qd7 Qe4 29. Qd3 Qb7 30. Qf3 Qe7 31. Rd6 Rc8 32. Qd3 b5 33. cxb5 h3 34.
Kf3 Kg7 35. Rd7 Qa3 36. Rxf7+ Kxf7 37. Qd7+ Qe7 38. Qxc8 g5 39. f5 g4+ 40. Kxg4
Qb4+ 41. Qc4 Qe1 42. Qxe6+ Kf8 43. Kg5 Qe2 44. Kf6 Qh5 45. Qe7+ {Black resigns}
1-0

[Event "Team 45 45 League T41"]
[Site "Internet Chess Club"]
[Date "2009.05.11"]
[Round "1"]
[White "Brechstange"]
[Black "QueensCounselor"]
[Result "1/2-1/2"]
[WhiteElo "1986"]
[BlackElo "2017"]
[Opening "Sicilian: closed"]
[ECO "B23"]
[Time "13:00:11"]
[TimeControl "2700+45"]

1. e4 c5 2. Nc3 g6 3. f4 Bg7 4. Nf3 Nc6 5. Bb5 Nd4 6. O-O e6 7. d3 Ne7 8. Nxd4
cxd4 9. Ne2 O-O 10. Qe1 Qb6 11. Ba4 d5 12. e5 f6 13. exf6 Bxf6 14. g4 Qd6 15.
Bd2 Nc6 16. g5 Bg7 17. Qh4 Ne7 18. Ng3 Nf5 19. Nxf5 Rxf5 20. Qg3 Bd7 21. Bb3
Raf8 22. Qg2 b5 23. a3 Qc7 24. Rac1 a5 25. h4 R8f7 26. Kh2 Bf8 27. c3 dxc3 28.
Rxc3 Qb8 29. d4 Bd6 30. Rcf3 Bxf4+ 31. Bxf4 Rxf4 32. Kg1 Qf8 33. Bd1 Rxf3 34.
Rxf3 Rxf3 35. Bxf3 Qf4 36. Qf2 Kf7 37. Bg4 Qxf2+ 38. Kxf2 Ke7 39. Ke3 b4 40.
axb4 axb4 41. Be2 Kd6 42. Kf4 Ba4 43. Bd3 Bd1 44. Bb5 Bc2 45. Be8 Bf5 46. Bb5
{Game drawn by mutual agreement} 1/2-1/2

[Event "Team 45 45 League T41"]
[Site "Internet Chess Club"]
[Date "2009.05.03"]
[Round "1"]
[White "pestka"]
[Black "gyoung"]
[Result "0-1"]
[WhiteElo "2226"]
[BlackElo "2301"]
[Opening "English: Anglo-Dutch defense"]
[ECO "A10"]
[Time "15:05:54"]
[TimeControl "2700+45"]

1. c4 f5 2. Nc3 Nf6 3. g3 g6 4. Bg2 Bg7 5. Nf3 d6 6. O-O O-O 7. Rb1 e5 8. d3 h6
9. b4 Nc6 10. b5 Ne7 11. c5 Be6 12. Bb2 Nh5 13. cxd6 cxd6 14. Qa4 Qd7 15. Qb4
Rad8 16. Rfd1 Nd5 17. Nxd5 Bxd5 18. Nd2 Bxg2 19. Kxg2 f4 20. d4 fxg3 21. hxg3
Qg4 22. e3 e4 23. d5 Rxf2+ 24. Kxf2 Rf8+ 25. Kg2 Qxg3+ 26. Kh1 Rf2 27. Bxg7 Qh2#
{White checkmated} 0-1

[Event "Team 45 45 League T41"]
[Site "Internet Chess Club"]
[Date "2009.05.10"]
[Round "1"]
[White "Zkid"]
[Black "Kolibri"]
[Result "1-0"]
[WhiteElo "2218"]
[BlackElo "2069"]
[Opening "Sicilian: Sozin, Benkö variation"]
[ECO "B57"]
[Time "13:00:23"]
[TimeControl "2700+45"]

1. e4 c5 2. Nf3 d6 3. d4 cxd4 4. Nxd4 Nf6 5. Nc3 Nc6 6. Bc4 Qb6 7. Nb3 a6 8. Be3
Qc7 9. a4 Nb4 10. Be2 Nxe4 11. Nxe4 Nxc2+ 12. Kd2 Nxa1 13. Qxa1 d5 14. Ng3 e5
15. Rc1 Bb4+ 16. Kd1 Qd8 17. a5 O-O 18. Qa4 d4 19. Qxb4 dxe3+ 20. Ke1 exf2+ 21.
Kxf2 Be6 22. Nc5 Bd5 23. Rd1 Qf6+ 24. Kg1 Bc6 25. Bd3 Qg5 26. Be4 Qe3+ 27. Kh1
Bxe4 28. Ngxe4 Rad8 29. Re1 Rd4 30. Qc3 Qf4 31. Qf3 Qxf3 32. gxf3 Rb4 33. Nd3
Rb5 34. b4 Rd5 35. Nec5 f6 36. Re3 Rfd8 37. Kg2 Rd4 38. Kf2 Rc4 39. Nxb7 Rdd4
40. Nbc5 Rc2+ 41. Re2 Rc3 42. Rd2 Kf7 43. Ke2 Ra3 44. Nxa6 e4 45. fxe4 Rxe4+ 46.
Kf2 Rh4 47. Kf1 Rd4 48. Nac5 Ra1+ 49. Kf2 Rc4 50. Rb2 Ke7 51. a6 Ra3 52. b5 Rh4
53. Kg3 Rc4 54. Rb3 Rxb3 55. Nxb3 Ra4 56. Nbc5 Ra3 57. b6 Kd6 58. a7 {Black
resigns} 1-0

[Event "Team 45 45 League T41"]
[Site "Internet Chess Club"]
[Date "2009.05.08"]
[Round "1"]
[White "Monsoon-Smith"]
[Black "f5"]
[Result "1-0"]
[WhiteElo "2106"]
[BlackElo "2150"]
[Opening "Dutch defense"]
[ECO "A86"]
[Time "20:04:37"]
[TimeControl "2700+45"]

1. d4 f5 2. g3 Nf6 3. Bg2 g6 4. c4 Bg7 5. Nc3 d6 6. e4 Nc6 7. Nge2 O-O 8. h3
fxe4 9. Nxe4 Nxe4 10. Bxe4 e5 11. d5 Nd4 12. Nxd4 exd4 13. Qd3 Qe7 14. Bf4 Bf5
15. f3 Bxe4 16. fxe4 Rae8 17. O-O-O Qxe4 18. Qxe4 Rxe4 19. Rhe1 Rfe8 20. Rxe4
Rxe4 21. Kd2 d3 22. Be3 Rxc4 23. Kxd3 Ra4 24. Rc1 Rxa2 25. Rxc7 Rxb2 26. Rxg7+
Kxg7 27. Bd4+ Kh6 28. Bxb2 Kg5 29. Ba3 h5 30. Bxd6 Kf5 31. Kc4 g5 32. Bc5 b6 33.
Bd4 g4 34. hxg4+ hxg4 35. Bb2 a6 36. Bd4 {Black resigns} 1-0

[Event "Team 45 45 League T41"]
[Site "Internet Chess Club"]
[Date "2009.05.10"]
[Round "1"]
[White "chiiwen"]
[Black "Holzschlange"]
[Result "1-0"]
[WhiteElo "2073"]
[BlackElo "1915"]
[Opening "Sicilian defense"]
[ECO "B41"]
[Time "11:01:30"]
[TimeControl "2700+45"]

1. e4 c5 2. Nf3 e6 3. d4 cxd4 4. Nxd4 Bc5 5. Nb3 Bb6 6. Bd3 Ne7 7. O-O O-O 8.
Bf4 f5 9. Bg5 fxe4 10. Bxe4 d5 11. Bf3 Nbc6 12. Qe2 Qd6 13. N1d2 Bc7 14. g3 h6
15. Bxe7 Nxe7 16. Bg2 e5 17. c4 Be6 18. Rad1 d4 19. c5 Qd7 20. Bxb7 Bh3 21. Bg2
Ng6 22. Qe4 Bxg2 23. Kxg2 Qf7 24. Nc1 Rae8 25. Nd3 Qe6 26. Rfe1 h5 27. Nf3 h4
28. h3 hxg3 29. fxg3 Ne7 30. Nxd4 Qxa2 31. Nb5 Bb8 32. Nc3 Qe6 33. Re2 Nf5 34.
Nf2 Qg6 35. Ng4 Qg5 36. Rf2 Nd4 37. Qd5+ Kh8 38. Rxd4 Rxf2+ 39. Nxf2 Qg6 40.
Rh4+ {Black resigns} 1-0

[Event "Team 45 45 League T41"]
[Site "Internet Chess Club"]
[Date "2009.05.03"]
[Round "1"]
[White "easycure"]
[Black "bjoernchess"]
[Result "1-0"]
[WhiteElo "2378"]
[BlackElo "2304"]
[Opening "Grünfeld: 4.Bf4"]
[ECO "D82"]
[Time "12:03:47"]
[TimeControl "2700+45"]

1. d4 Nf6 2. c4 g6 3. Nc3 d5 4. Bf4 Bg7 5. e3 c5 6. dxc5 Qa5 7. Rc1 Ne4 8. cxd5
Nxc3 9. Qd2 Qxa2 10. Rxc3 O-O 11. Bc4 Qa1+ 12. Ke2 Nd7 13. Ra3 Qxb2 14. Qxb2
Bxb2 15. Ra2 Bg7 16. c6 Nb6 17. Bb3 bxc6 18. dxc6 e5 19. Bg5 a5 20. e4 Ba6+ 21.
Kf3 a4 22. Bd5 Nxd5 23. exd5 Bc4 24. Rd2 a3 25. Be7 a2 26. Nh3 f5 27. Kg3 Bh6
28. f4 exf4+ 29. Kf2 f3 30. Rd4 fxg2 31. Kxg2 Bb5 32. Rb4 Bd3 33. Nf2 Rfe8 34.
d6 Bb1 35. Rbxb1 axb1=Q 36. Rxb1 Rxe7 37. dxe7 Kf7 38. Rb7 Ke6 39. c7 {Black
resigns} 1-0

[Event "Team 45 45 League T41"]
[Site "Internet Chess Club"]
[Date "2009.05.01"]
[Round "1"]
[White "VammSK"]
[Black "Ser-Enigma"]
[Result "1-0"]
[WhiteElo "2258"]
[BlackElo "2162"]
[Opening "QGA, 4.Nc3"]
[ECO "D24"]
[Time "10:32:36"]
[TimeControl "2700+45"]

1. d4 d5 2. Nf3 Nf6 3. c4 dxc4 4. Nc3 a6 5. e3 Bg4 6. Bxc4 e6 7. O-O Nbd7 8. a4
Nb6 9. Be2 a5 10. e4 Bb4 11. Qc2 c6 12. Be3 Bxf3 13. gxf3 O-O 14. Kh1 Nbd7 15.
Rg1 Re8 16. f4 Kh8 17. f5 exf5 18. e5 Ng4 19. Bxg4 fxg4 20. Rxg4 Bxc3 21. bxc3
Nf8 22. Rag1 Qd5+ 23. R1g2 b5 24. f4 g6 25. f5 f6 26. fxg6 Nxg6 27. Rxg6 hxg6
28. Qxg6 Qxg2+ 29. Qxg2 fxe5 30. Qxc6 bxa4 31. Qh6+ Kg8 32. Qg6+ Kf8 33. dxe5
Rac8 34. Bh6+ Ke7 35. Qd6+ {Black resigns} 1-0

[Event "Team 45 45 League T41"]
[Site "Internet Chess Club"]
[Date "2009.05.02"]
[Round "1"]
[White "MikkoN"]
[Black "Blade"]
[Result "1/2-1/2"]
[WhiteElo "1959"]
[BlackElo "2156"]
[Opening "English opening"]
[ECO "A20"]
[Time "04:04:16"]
[TimeControl "2700+45"]

1. c4 e5 2. g3 Nf6 3. Bg2 Bc5 4. Nc3 O-O 5. e3 Re8 6. Nge2 Bb6 7. O-O Nc6 8. d4
exd4 9. exd4 d6 10. h3 Na5 11. b3 c6 12. d5 Bf5 13. Nd4 Bd7 14. Kh2 Rc8 15. Bf4
cxd5 16. Nxd5 Nxd5 17. Bxd5 Qf6 18. Nb5 Bxb5 19. cxb5 Bd4 20. Rc1 Rxc1 21. Qxc1
Qf5 22. Qd2 Qxd5 23. Rd1 Qxb5 24. Qxd4 Nc6 25. Qxd6 h6 26. Qd3 Qxd3 27. Rxd3 Re2
28. Rd2 Rxd2 29. Bxd2 f5 30. Kg2 Kf7 31. Kf3 b5 32. Bc3 g5 33. g4 Ke6 34. Ke3
fxg4 35. hxg4 Ne5 36. f3 Kd5 37. Bb4 Ng6 38. Ba5 Nf4 39. Bd8 Ke6 40. Ke4 Ne2 41.
Ba5 Nc1 42. Kd4 Nxa2 43. Bd2 b4 44. f4 Kf6 45. fxg5+ hxg5 46. Kc4 Nc3 47. Kxb4
Nd1 48. Kb5 Nf2 49. Be3 Nxg4 50. Bxa7 Ne5 51. Be3 g4 52. Bf4 Nd3 53. Be3 Kf5 54.
Kc4 Ke4 55. Bg1 g3 56. b4 {Game drawn by mutual agreement} 1/2-1/2

[Event "Team 45 45 League T41"]
[Site "Internet Chess Club"]
[Date "2009.05.01"]
[Round "1"]
[White "Folgers"]
[Black "andretta"]
[Result "1/2-1/2"]
[WhiteElo "2029"]
[BlackElo "2362"]
[Opening "Trompowsky attack (Ruth, Opocenský opening)"]
[ECO "A45"]
[Time "20:03:05"]
[TimeControl "2700+45"]

1. d4 Nf6 2. Bg5 e6 3. e4 h6 4. Bxf6 Qxf6 5. Nc3 d6 6. Qd2 g5 7. Bc4 Nc6 8. Nge2
Bg7 9. Rd1 Bd7 10. O-O O-O-O 11. f4 gxf4 12. Rxf4 Qg6 13. Rdf1 Rhg8 14. R1f2 Qg5
15. Qd3 Rdf8 16. a3 e5 17. Rxf7 exd4 18. Rxf8+ Rxf8 19. Rxf8+ Bxf8 20. Nd5 Ne5
21. Qb3 c6 22. Ndf4 Nxc4 23. Qxc4 Bg7 24. Qg8+ Kc7 25. Ne6+ Bxe6 26. Qxe6 Qe3+
27. Kf1 Be5 28. h3 Qxe4 29. Qf7+ Kb6 30. Qb3+ Kc7 31. Qf7+ Kc8 32. Qe8+ Kc7 33.
Qf7+ {Game drawn by repetition} 1/2-1/2

[Event "Team 45 45 League T41"]
[Site "Internet Chess Club"]
[Date "2009.05.01"]
[Round "1"]
[White "ranaamasonika"]
[Black "charles-allen"]
[Result "1-0"]
[WhiteElo "2146"]
[BlackElo "1853"]
[Opening "Petrov: Nimzovich attack"]
[ECO "C42"]
[Time "19:00:52"]
[TimeControl "2700+45"]

1. e4 e5 2. Nf3 Nf6 3. Nxe5 d6 4. Nf3 Nxe4 5. Nc3 Nxc3 6. dxc3 Be7 7. Bd3 Nc6 8.
Bf4 Bg4 9. Qd2 Qd7 10. Bb5 a6 11. Be2 Qe6 12. Be3 Ne5 13. Nd4 Qd5 14. f3 Bh5 15.
O-O O-O 16. Nf5 Qe6 17. Nxe7+ Qxe7 18. g4 Bg6 19. f4 Rae8 20. fxe5 Qxe5 21. Rf3
f5 22. Bc4+ Bf7 23. Bxf7+ Rxf7 24. Bd4 Qd5 25. Rxf5 Rxf5 26. gxf5 Re4 27. Qg2
Rxd4 28. cxd4 Qxd4+ 29. Kh1 Qxb2 30. Re1 Kf7 31. Qd5+ Kf8 32. Qe6 Qb5 33. Qe7+
Kg8 34. Qd8+ Kf7 35. Qxc7+ Kf6 36. Qxd6+ Kxf5 37. Qf8+ Kg6 38. Rg1+ Kh5 39. Qf7+
Kh4 40. Qf4+ Kh5 41. Qg4+ Kh6 42. Qxg7+ {Black resigns} 1-0

[Event "Team 45 45 League T41"]
[Site "Internet Chess Club"]
[Date "2009.05.03"]
[Round "1"]
[White "poni"]
[Black "xakelari"]
[Result "0-1"]
[WhiteElo "2053"]
[BlackElo "2060"]
[Opening "QGD: 4.Nf3"]
[ECO "D37"]
[Time "15:30:33"]
[TimeControl "2700+45"]

1. Nf3 Nf6 2. c4 e6 3. Nc3 d5 4. d4 Be7 5. e3 O-O 6. Bd3 dxc4 7. Bxc4 c5 8. O-O
Nc6 9. Re1 b6 10. d5 Na5 11. Bb3 Nxb3 12. Qxb3 exd5 13. Rd1 Be6 14. Ng5 Qd7 15.
e4 d4 16. Nxe6 Qxe6 17. Qxe6 fxe6 18. Nb5 e5 19. Nc7 Rac8 20. Ne6 Rfe8 21. f3 h6
22. f4 exf4 23. Bxf4 g5 24. Be5 Nd7 25. Bg3 Bf6 26. Nc7 Rxe4 27. Rf1 Be5 28.
Bxe5 Rxe5 29. Nb5 a6 30. Nd6 Rf8 31. Rxf8+ Nxf8 32. Rf1 Re6 33. Nc4 Nd7 34. a4
Kg7 35. Rd1 Nf6 36. b4 Nd5 37. bxc5 bxc5 38. Rc1 Nc3 {White resigns} 0-1

[Event "Team 45 45 League T41"]
[Site "Internet Chess Club"]
[Date "2009.05.01"]
[Round "1"]
[White "alegro"]
[Black "MeanMrMustard"]
[Result "0-1"]
[WhiteElo "1944"]
[BlackElo "1977"]
[Opening "Sicilian defense"]
[ECO "B44"]
[Time "20:00:08"]
[TimeControl "2700+45"]

1. e4 c5 2. Nf3 e6 3. d4 cxd4 4. Nxd4 Nc6 5. c4 a6 6. Nc3 Qc7 7. Be3 Nf6 8. Be2
Be7 9. O-O d6 10. Rc1 O-O 11. Kh1 b6 12. f4 Bb7 13. Bf3 Rfd8 14. Qe1 Rac8 15.
Qg3 Nb4 16. b3 Nd3 17. Rcd1 Nc5 18. e5 Nfe4 19. Nxe4 Nxe4 20. Qh3 dxe5 21. Nxe6
fxe6 22. Qxe6+ Kh8 23. Bxb6 Rd6 24. Bxc7 Rxe6 25. Bxe5 Bc5 26. Bxe4 Bxe4 27.
Rfe1 Bf5 28. h3 h5 29. Rd5 Kh7 30. Red1 Be4 31. Rd7 Rg6 32. R1d2 Rg3 33. Kh2 h4
34. f5 Bxf5 35. Rf7 Be6 36. Rf4 Rg5 37. Rxh4+ Kg8 38. Bf4 Rf5 39. Bg3 Rf1 40.
Bd6 Bg1+ 41. Kg3 Rd8 42. Re4 Bf5 43. Rf4 Rxf4 44. Bxf4 Rxd2 45. Bxd2 Kf7 46. a3
Bc2 47. b4 Bd4 48. b5 axb5 49. cxb5 Ba4 50. Bb4 Bxb5 51. Bd6 Ke6 52. Bf8 g6 53.
h4 Kf5 54. Kh3 Bd7 55. Bd6 Ke4+ 56. Kg3 Be5+ 57. Bxe5 Kxe5 58. Kf3 Bc6+ 59. Kg3
Kf5 60. Kh3 Kf4 61. g3+ Kf3 {White resigns} 0-1

[Event "Team 45 45 League T41"]
[Site "Internet Chess Club"]
[Date "2009.05.03"]
[Round "1"]
[White "isolani"]
[Black "allanchs"]
[Result "0-1"]
[WhiteElo "1466"]
[BlackElo "1553"]
[Opening "QGD: classical variation (5.Bf4)"]
[ECO "D37"]
[Time "10:00:05"]
[TimeControl "2700+45"]

1. d4 d5 2. Nf3 Nf6 3. c4 e6 4. Nc3 Be7 5. Bf4 Nbd7 6. e3 c6 7. a4 O-O 8. Bd3
dxc4 9. Bxc4 Nd5 10. Bg3 N7f6 11. O-O Re8 12. e4 Nxc3 13. bxc3 c5 14. Re1 b6 15.
Bb5 Rf8 16. Bc6 Bd7 17. Bxa8 Qxa8 18. Ne5 Rd8 19. Qf3 Be8 20. Rad1 Bxa4 21. Ra1
Bc2 22. Rxa7 Qxa7 23. Nc6 Qd7 24. d5 exd5 25. exd5 Be4 26. Qe3 Re8 27. c4 Bd6
28. Bxd6 Bxd5 29. Ne7+ Kh8 30. Qg3 Be6 31. h3 Rxe7 32. Bxe7 Qxe7 33. Qb8+ Qe8
34. Qxb6 Qc8 35. Qd6 Bxc4 36. Rc1 Be6 37. Rxc5 Qa8 38. Qc7 h6 39. Ra5 Qe4 40.
Re5 Qd3 41. Ra5 Ne4 42. Ra8+ Kh7 43. Rd8 Qb1+ 44. Kh2 Nxf2 45. Qb8 Qxb8+ 46.
Rxb8 {White resigns} 0-1

[Event "Team 45 45 League T41"]
[Site "Internet Chess Club"]
[Date "2009.05.02"]
[Round "1"]
[White "arconia"]
[Black "EyeAm"]
[Result "0-1"]
[WhiteElo "1381"]
[BlackElo "1527"]
[Opening "Petrov's defense"]
[ECO "C42"]
[Time "18:02:20"]
[TimeControl "2700+45"]

1. e4 e5 2. Nf3 Nf6 3. d3 Nc6 4. Be2 d5 5. Nc3 d4 6. Nb1 Be7 7. O-O O-O 8. h3
Be6 9. Nh2 Qd6 10. f4 exf4 11. Bxf4 Qb4 12. b3 Bd6 13. Bg5 Nxe4 14. dxe4 Qc5 15.
Bd2 d3+ 16. Kh1 dxe2 17. Qxe2 Bxh2 18. Kxh2 Qe5+ 19. Kh1 Qxa1 20. Nc3 Qb2 21.
Rb1 Qxc2 22. Rc1 Nd4 23. Qe3 Qb2 24. Nd5 Bxd5 25. Bc3 Nc2 26. Qd2 Qxa2 27. exd5
Qxb3 28. Rxc2 Rad8 29. Qd4 f6 {White forfeits on time} 0-1

[Event "Team 45 45 League T41"]
[Site "Internet Chess Club"]
[Date "2009.05.02"]
[Round "1"]
[White "SCUGrad"]
[Black "Beancounter"]
[Result "0-1"]
[WhiteElo "1463"]
[BlackElo "1677"]
[Opening "French: Tarrasch, closed variation"]
[ECO "C05"]
[Time "10:04:53"]
[TimeControl "2700+45"]

1. e4 e6 2. d4 d5 3. Nd2 Nf6 4. e5 Nfd7 5. f4 c5 6. c3 Nc6 7. Ndf3 Qb6 8. g3
cxd4 9. cxd4 Bb4+ 10. Bd2 Nxd4 11. Nxd4 Qxd4 12. Bxb4 Qxb4+ 13. Qd2 Qe4+ {White
resigns} 0-1

[Event "Team 45 45 League T41"]
[Site "Internet Chess Club"]
[Date "2009.05.04"]
[Round "1"]
[White "rayngrant"]
[Black "conron"]
[Result "1-0"]
[WhiteElo "1593"]
[BlackElo "1367"]
[Opening "Two knights defense"]
[ECO "C59"]
[Time "20:04:24"]
[TimeControl "2700+45"]

1. e4 e5 2. Nf3 Nc6 3. Bc4 Nf6 4. Ng5 d5 5. exd5 Na5 6. Bb5+ c6 7. dxc6 bxc6 8.
Be2 h6 9. Nf3 Bd6 10. d3 Bg4 11. O-O O-O 12. Nc3 Bc7 13. Be3 Qd6 14. Ne4 Nxe4
15. dxe4 Qb4 16. Rb1 Qxe4 17. Re1 Nc4 18. Bc5 Rfd8 19. Bd3 Qd5 20. Bb4 c5 21.
Bc3 f5 22. Qe2 Bxf3 23. gxf3 Nb6 24. Bxf5 Qxa2 25. Be4 Rac8 26. Ra1 Qe6 27. Rxa7
Bb8 28. Ra6 Rd6 29. Rd1 Rcd8 30. Rxd6 Rxd6 31. Qb5 Nd7 32. Rxd6 Qxd6 33. Qc4+
Kf8 34. b4 g5 35. bxc5 Nxc5 36. Bb4 Ba7 37. Bg6 Qxg6 38. Bxc5+ Bxc5 39. Qxc5+
Kf7 40. Qxe5 Qxc2 41. Qd5+ Kg6 42. Qe4+ Qxe4 43. fxe4 Kf6 44. Kg2 h5 45. Kg3 Ke5
46. f3 Kd4 47. h4 g4 48. fxg4 Kxe4 49. g5 Kf5 50. Kf3 Ke5 51. Ke3 Kf5 52. Kd4
Kg6 53. Ke5 Kh7 54. Kf6 Kg8 55. g6 Kf8 56. Kg5 Kg8 57. Kxh5 Kg7 58. Kg5 Kg8 59.
h5 Kg7 60. h6+ Kh8 61. Kf6 Kg8 62. h7+ Kh8 63. g7+ Kxh7 64. Kf7 Kh6 65. g8=Q
{Black resigns} 1-0

[Event "Team 45 45 League T41"]
[Site "Internet Chess Club"]
[Date "2009.05.03"]
[Round "1"]
[White "Kingangyal"]
[Black "BenjaminSisko"]
[Result "1-0"]
[WhiteElo "1374"]
[BlackElo "1509"]
[Opening "Queen's pawn: London system"]
[ECO "A45"]
[Time "16:09:24"]
[TimeControl "2700+45"]

1. d4 Nf6 2. Bf4 b6 3. e3 Bb7 4. Nf3 e6 5. Nbd2 c5 6. c3 Be7 7. h3 O-O 8. Bd3 d5
9. Ne5 Nbd7 10. O-O Ne4 11. Re1 f6 12. Nxd7 Qxd7 13. f3 Nd6 14. e4 cxd4 15. cxd4
Nb5 16. Nb3 Rfd8 17. Rc1 dxe4 18. Bxe4 Bd5 19. a4 Nd6 20. Bxd5 exd5 21. Nd2 Rac8
22. b3 Rxc1 23. Qxc1 Nf5 24. Qc3 Bd6 25. Bxd6 Nxd6 26. f4 Kf7 27. Qf3 Nf5 28.
Qh5+ Kg8 29. Nf3 g6 30. Qg4 Kf7 31. h4 Qd6 32. h5 Rg8 33. hxg6+ hxg6 34. g3 Qb4
35. Qh3 Nxd4 36. Qd7+ {Black resigns} 1-0

[Event "Team 45 45 League T41"]
[Site "Internet Chess Club"]
[Date "2009.05.03"]
[Round "1"]
[White "Just-Jim"]
[Black "kingsrook"]
[Result "0-1"]
[WhiteElo "1364"]
[BlackElo "1245"]
[Opening "Queen's bishop game"]
[ECO "D02"]
[Time "16:55:31"]
[TimeControl "2700+45"]

1. d4 d5 2. Nf3 Nf6 3. Bf4 c6 4. e3 Bf5 5. Nc3 e6 6. Be2 Nbd7 7. O-O Bb4 8. Qd2
O-O 9. a3 Ba5 10. b4 Bb6 11. Bd3 Bxd3 12. Qxd3 Re8 13. Rfe1 Rc8 14. h3 a6 15. a4
a5 16. b5 c5 17. Bg5 h6 18. Bh4 Ba7 19. e4 cxd4 20. Nxd4 Nc5 21. Qd2 Ncxe4 22.
Nxe4 dxe4 23. Rxe4 e5 24. Bxf6 Qxf6 25. Nf3 Bb6 26. Rae1 Rc5 27. Qd7 Qe7 28.
Qxe7 Rxe7 29. Nxe5 Rxc2 30. R1e2 Rxe2 31. Rxe2 Bd4 32. Re4 Bxe5 33. f4 Bd6 34.
Rd4 Bc5 {White resigns} 0-1

[Event "Team 45 45 League T41"]
[Site "Internet Chess Club"]
[Date "2009.04.30"]
[Round "1"]
[White "Kingofknights"]
[Black "mongmong"]
[Result "1/2-1/2"]
[WhiteElo "1655"]
[BlackElo "1609"]
[Opening "Nimzo-Indian: Sämisch, O'Kelly variation"]
[ECO "E26"]
[Time "20:30:13"]
[TimeControl "2700+45"]

1. d4 e6 2. c4 Nf6 3. Nc3 Bb4 4. e3 c5 5. a3 Bxc3+ 6. bxc3 b6 7. Qf3 d5 8. cxd5
Qxd5 9. Bb5+ Bd7 10. Bxd7+ Nbxd7 11. Qxd5 Nxd5 12. c4 N5f6 13. Bb2 Ne4 14. f3
Nd6 15. Rc1 O-O 16. d5 exd5 17. cxd5 Rfe8 18. e4 f5 19. Nh3 fxe4 20. f4 h6 21.
Ke2 Nb5 22. Rhd1 Kf7 23. g4 Nf6 24. g5 Ng4 25. Nf2 Nxh2 26. gxh6 gxh6 27. Rh1
Nf3 28. Rxh6 Nfd4+ 29. Kd1 Rg8 30. Rh7+ Kg6 31. Re7 Kf6 32. Rxe4 Rg1+ 33. Kd2
Rxc1 34. Kxc1 Kf5 35. Bxd4 Nxd4 36. Re7 Kxf4 37. Nd3+ Kf5 38. Ne5 Nb5 39. Nc4
Kf6 40. Rd7 Rc8 41. a4 Rc7 42. Rd8 Ke7 43. Rh8 Nd6 44. Rh7+ Kd8 45. Rh8+ Ke7 46.
Rh7+ Kd8 47. Rh8+ Ke7 48. Rh7+ {Game drawn by repetition} 1/2-1/2

[Event "Team 45 45 League T41"]
[Site "Internet Chess Club"]
[Date "2009.05.01"]
[Round "1"]
[White "Andressa"]
[Black "az2112"]
[Result "0-1"]
[WhiteElo "1499"]
[BlackElo "1760"]
[Opening "King's Indian, 3.Nf3"]
[ECO "E60"]
[Time "21:06:43"]
[TimeControl "2700+45"]

1. d4 Nf6 2. c4 g6 3. Nf3 Bg7 4. e3 O-O 5. Bd3 d6 6. e4 e5 7. d5 a5 8. a3 Nbd7
9. Be3 Ng4 10. Qe2 Nxe3 11. Qxe3 Nc5 12. Nc3 f5 13. O-O c6 14. b4 Nxd3 15. Qxd3
fxe4 16. Nxe4 Bf5 17. Rfe1 h6 18. Rac1 axb4 19. axb4 Qb6 20. b5 cxb5 21. cxb5
Ra5 22. Rb1 Ra4 23. Nfd2 Bxe4 24. Rxe4 Qxf2+ 25. Kh1 Rxe4 26. Nxe4 Qf5 27. Re1
h5 28. h3 Bh6 29. Kh2 Bg5 30. Qa3 Bh4 31. g3 Be7 32. Re2 h4 33. Kg2 hxg3 34.
Qxg3 Qf1+ {White resigns} 0-1

[Event "Team 45 45 League T41"]
[Site "Internet Chess Club"]
[Date "2009.05.08"]
[Round "1"]
[White "Chess2Play"]
[Black "smsxman"]
[Result "0-1"]
[WhiteElo "1643"]
[BlackElo "1534"]
[Opening "QGD: Manhattan variation"]
[ECO "D50"]
[Time "11:59:10"]
[TimeControl "2700+45"]

1. d4 d5 2. c4 Nf6 3. Nc3 e6 4. Bg5 Bb4 5. e3 Nbd7 6. cxd5 exd5 7. Nf3 Qe7 8.
Bd3 h6 9. Bxf6 Nxf6 10. Qa4+ Bd7 11. Qxb4 Qxb4 12. O-O O-O 13. Rab1 a6 14. Rfc1
Rfe8 15. Ne5 Bb5 16. Bf5 g6 17. Bc2 Qd6 18. Bb3 c5 19. Nxb5 axb5 20. Rxc5 Rxe5
21. dxe5 Qxc5 22. exf6 Qd6 23. Rd1 Qxf6 24. h3 Qxb2 25. Rxd5 Kg7 26. Rd7 Qc1+
27. Kh2 Qc5 28. Rxf7+ Kh8 29. Rxb7 Rf8 30. Rf7 Rxf7 31. Bxf7 Kg7 32. Bb3 Qe5+
33. g3 h5 34. h4 b4 35. Kg1 Qe4 36. Kh2 Qf3 37. Kg1 Kf6 38. Bg8 g5 39. hxg5+
Kxg5 40. Bb3 Qe4 41. Bg8 Kg4 42. Bb3 Kh3 43. Kf1 Kh2 44. Bf7 Qd3+ 45. Ke1 Qc3+
46. Ke2 Qe5 47. Bb3 Kg1 48. Bf7 Qb2+ 49. Kd3 Kxf2 50. Bxh5 Qxa2 51. g4 Qa3+ 52.
Kc4 b3 53. g5 b2 54. Bg6 Qa6+ {White resigns} 0-1